 Dungeon Crawl Stone Soup version 0.28.0 (webtiles) character file.

Game seed: 16242707475774963594

21 HallandMoats the Skirmisher (level 2, -2/27 HPs)
             Began as a Ghoul Monk on Feb 12, 2022.
             Was a Believer of Kikubaaqudgha.
             Killed from afar by a dart slug (3 damage)
             ... with a slug dart
             ... on level 1 of the Dungeon.
             The game lasted 00:01:12 (546 turns).

HallandMoats the Skirmisher (Ghoul Monk)             Turns: 546, Time: 00:01:12

Health: -2/27      AC:  2    Str: 14    XL:     2   Next: 87%
Magic:  1/1        EV: 12    Int:  5    God:    Kikubaaqudgha [**....]
Gold:   33         SH:  0    Dex: 11    Spells: 1/1 levels left

rFire   . . .      SeeInvis .     - Unarmed
rCold   + . .      Faith    .   (no shield)
rNeg    + + +      Spirit   .   a - +0 robe
rPois   ∞          Reflect  .   (no helmet)
rElec   .          Harm     .   (no cloak)
rCorr   .          Rampage  .   (no gloves)
Will    .....                   (no boots)
Stlth   ++........              (no amulet)
HPRegen 0.00/turn               (no ring)
MPRegen 0.07/turn               (no ring)

@: inhibited regen
A: claws 1, cold resistance 1, negative energy resistance 3, inhibited
regeneration, torment resistance 2
a: Renounce Religion, Receive Corpses


You were on level 1 of the Dungeon.
You worshipped Kikubaaqudgha.
Kikubaaqudgha was pleased with you.
You visited 1 branch of the dungeon, and saw 1 of its levels.

You collected 33 gold pieces.

Inventory:

Missiles
 b - a throwing net (quivered)
Armour
 a - a +0 robe (worn)


   Skills:
 * Level 3.7 Fighting
 + Level 0.4 Armour
 + Level 2.8 Dodging
 - Level 2.1 Stealth
 * Level 3.6 Unarmed Combat
 + Level 0.4 Invocations


You had one spell level left.
You didn't know any spells.
Your spell library contained the following spells:

 Spells                   Type           Power      Damage    Failure   Level
 Animate Skeleton         Necr           0%         N/A       47%         1
 Corpse Rot               Necr/Air       0%         N/A       63%         2
 Vampiric Draining        Necr           0%         2d6       85%         3
 Agony                    Necr           0%         N/A       100%        5


Dungeon Overview and Level Annotations

Branches:
Dungeon (1/15)

Altars:
Kikubaaqudgha

Shops:
D:1 [


Innate Abilities, Weirdness & Mutations

You thrive by killing the living.
You are immune to poison.
You have sharp fingernails.
Your flesh is cold resistant. (rC+)
You are immune to negative energy. (rN+++)
You do not regenerate when monsters are visible.
You are immune to unholy pain and torment.


Message History

The slug dart hits you.
The golden eye pulsates ominously.
The dart slug launches a dart at you. The slug dart misses you.
The dart slug launches a dart at you. The slug dart hits you.
You see here 20 stones.
The dart slug launches a dart at you. The slug dart misses you.
The dart slug launches a dart at you. The slug dart misses you.
The dart slug launches a dart at you. The slug dart hits you.
The dart slug launches a dart at you. The slug dart hits you.
The dart slug launches a dart at you. The slug dart hits you.
* * * LOW HITPOINT WARNING * * *
The dart slug launches a dart at you. The slug dart hits you.
* * * LOW HITPOINT WARNING * * *
The dart slug launches a dart at you. The slug dart misses you.
The dart slug launches a dart at you. The slug dart misses you.
The dart slug launches a dart at you. The slug dart hits you.
* * * LOW HITPOINT WARNING * * *
The dart slug launches a dart at you. The slug dart misses you.
The dart slug launches a dart at you. The slug dart hits you.
* * * LOW HITPOINT WARNING * * *
The dart slug briefly extends its eye-stalks.
The dart slug launches a dart at you. The slug dart misses you.
The dart slug launches a dart at you. The slug dart hits you.
You die...
Kikubaaqudgha rasps: "You have failed me!
Welcome... oblivion!"

#.......###..#....# ##.######
#.......###..# ##..####......#
#.......##...# #...#######.###
#.......#..#.#######.w....##...#
#....∩....##........#####.####.#
#...>....####.......# #.......
#.........# ##......# ###...##
#.........####......##### #...#
##.............@........###...#
...##....#..........###.....#.#
..##
###.....#.............#...##
#.## ##.##.#.###...###.....#...
...# #.##...#G#...#G#.........
....####.###..###.^.###.###...##
........###............##......
#.............._.....#..#..##
####†...#..w............###).#


You could see a golden eye and a dart slug.

Vanquished Creatures
  A dart slug (D:1)
  An endoplasm (D:1)
  3 giant cockroaches (D:1)
  2 goblins (D:1)
  A hobgoblin (D:1)
  3 jackals (D:1)
  A ball python (D:1)
  A bat (D:1)
  A frilled lizard (D:1)
  A kobold (D:1)
  3 rats (D:1)
18 creatures vanquished.

Notes
Turn   | Place    | Note
-------+----------+-------------------------------------------
     0 | D:1      | HallandMoats the Ghoul Monk began the quest for the Orb.
     0 | D:1      | Reached XP level 1. HP: 19/19 MP: 0/0
    75 | D:1      | Reached XP level 2. HP: 10/26 MP: 1/1
   378 | D:1      | Found Goavvo's Armour Emporium.
   408 | D:1      | Noticed a golden eye
   414 | D:1      | Noticed a shining eye
   416 | D:1      | Found a faded altar of an unknown god.
   432 | D:1      | Noticed a golden eye
   435 | D:1      | Noticed a golden eye
   440 | D:1      | Prayed at the altar of an unknown god.
   440 | D:1      | Became a worshipper of Kikubaaqudgha
   440 | D:1      | Reached * piety under Kikubaaqudgha
   440 | D:1      | Received a gift from Kikubaaqudgha
   440 | D:1      | Reached ** piety under Kikubaaqudgha
   537 | D:1      | HP: 1/27 [dart slug/slug dart (1)]
   546 | D:1      | Killed from afar by a dart slug

Illustrated notes

Levels and vault maps discovered:
D:1:      saegor_arrival_simple_d, layout_rooms, serial_shops,
          nicolae_shop_stone, shop, hellmonk_ecumenical_altar_watching_god

Action                   || total
-------------------------++-------
Melee: Unarmed           ||    55
       Punch             ||     4
 Stab: Sleeping          ||     3
Armor: Robe              ||    10
Dodge: Dodged            ||    49
